 Dungeon Crawl Stone Soup version 0.27.1-3-gb3d3a73c9e (webtiles) character file.

Game seed: 5782974792161115718

2157 cdecastro the Cleaver (level 9, -4/85 HPs)
             Began as a Hill Orc Fighter on Oct 13, 2021.
             Killed by nerve-wracking pain
             ... invoked by an orc priest
              (11 damage)
             ... on level 6 of the Dungeon.
             The game lasted 00:13:25 (6531 turns).

cdecastro the Cleaver (Hill Orc Fighter)            Turns: 6531, Time: 00:13:26

Health: -4/85      AC: 11    Str: 22    XL:     9   Next: 31%
Magic:  9/9        EV:  9    Int:  8    God:
Gold:   212        SH:  0    Dex: 10    Spells: 8/8 levels left

rFire    + . .     SeeInvis .   a - +0 war axe
rCold    . . .     Faith    .   (no shield)
rNeg     . . .     Spirit   .   o - +2 scale mail {rF+}
rPois    .         Reflect  .   (no helmet)
rElec    .         Harm     .   (no cloak)
rCorr    .         Rampage  .   (no gloves)
Will     .....                  t - +1 pair of boots
Stlth    ..........             r - amulet of the acrobat
HPRegen  0.24/turn              (no ring)
MPRegen  0.11/turn              (no ring)

@: no status effects
A: no striking features
a: Convert to Beogh


You were on level 6 of the Dungeon.
You visited 1 branch of the dungeon, and saw 6 of its levels.
You also visited: Sewer.

You collected 212 gold pieces.

Inventory:

Hand Weapons
 a - a +0 war axe (weapon)
 w - a +1 flail of protection
 y - a +1 whip of electrocution
Missiles
 d - 7 boomerangs
 e - 349 stones
 g - 17 poisoned darts (quivered)
 k - 13 sling bullets
 l - 138 arrows
 q - 33 bolts
 v - 3 throwing nets
 D - a curare-tipped dart
Armour
 o - a +2 scale mail of fire resistance (worn)
 t - a +1 pair of boots (worn)
Jewellery
 r - an amulet of the acrobat (around neck)
 A - an amulet of guardian spirit
Scrolls
 b - a scroll of immolation {unknown}
 f - a scroll of magic mapping {unknown}
 n - a scroll of noise {unknown}
 p - 2 scrolls of identify {unknown}
 s - a scroll of teleportation {unknown}
Potions
 c - 2 potions of resistance {unknown}
 h - a potion of magic {unknown}
 i - 2 potions of brilliance {unknown}
 j - 3 potions of berserk rage {unknown}
 m - 4 potions of heal wounds
 u - 3 potions of mutation {unknown}
 x - 2 potions of curing
 z - 2 potions of flight
 B - 2 potions of invisibility
 C - a potion of degeneration {unknown}


   Skills:
 - Level 10.0 Fighting
 + Level 11.2 Axes
 - Level 5.0 Armour
 - Level 3.2 Shields


You had 8 spell levels left.
You didn't know any spells.
Your spell library contained the following spells:

 Spells                   Type           Power      Damage    Failure   Level
 Sublimation of Blood     Necr           0%         N/A       85%         2
 Wereblood                Tmut           0%         N/A       85%         2
 Gell's Gravitas          Tloc           0%         N/A       97%         3
 Lesser Beckoning         Tloc           0%         N/A       97%         3
 Teleport Other           Tloc           0%         N/A       97%         3
 Lee's Rapid Deconstruct  Erth           0%         3d5*      100%        5
 Eringya's Noxious Bog    Tmut/Pois      0%         N/A       100%        6
 Summon Hydra             Summ           0%         N/A       100%        7


Dungeon Overview and Level Annotations

Branches:
Dungeon (6/15)              Sewer (visited)
 Temple: D:4-7

Altars:
Fedhas
Gozag
Wu Jian

Annotations:
D:2 Sigmund
D:3 3 runed translucent doors, seaofthunder's ghost, amateur DECj
D:4 not done
D:5 not done


Message History

The gnoll sergeant is lightly wounded.
You feel sick.
The gnoll sergeant completely misses you.
Unknown command.
The gnoll sergeant blocks your attack.
The gnoll sergeant is lightly wounded.
You feel sick.
Unknown command.
You hit the gnoll sergeant but do no damage.
The gnoll sergeant is lightly wounded.
You feel sick. The gnoll sergeant barely misses you.
Unknown command.
You slash the gnoll sergeant!
The gnoll sergeant is severely wounded.
You feel sick.
You hear a shout!
The gnoll sergeant barely misses you.
An orc priest comes into view. It is wielding a +0 hand axe.
You hear a shout! x2
You barely miss the gnoll sergeant.
The gnoll sergeant is severely wounded.
The gnoll sergeant hits you with a +3 spear of venom.
* * * LOW HITPOINT WARNING * * *
Unknown command.
You slash the gnoll sergeant!
You kill the gnoll sergeant!
You feel sick.
Unknown command.
You hit the orc.
The orc is heavily wounded.
You feel sick.
Unknown command.
You hit the orc.
You kill the orc!
You hear a splash. x2
You feel sick.
You are no longer poisoned.
The orc priest invokes the aid of Beogh against you.
Pain shoots through your body!
You die...

# ##################o#
..........)...).@).#
≈≈≈≈≈≈≈≈≈≈≈≈≈≈)≈)≈≈#
≈≈≈≈≈≈≈≈≈≈≈≈≈≈≈≈≈≈≈≈≈≈≈
≈≈≈≈≈≈)≈≈≈≈≈≈≈≈≈≈≈≈≈≈≈≈≈
...............P........
.......................P
########################


You could see an orc priest.

Vanquished Creatures
  A kobold demonologist (D:5)
  Edmund (D:3)
  An ice beast (D:5)
  A black bear (D:4)
  2 ogres
  A centaur (D:5)
  3 kobold brigands
  A gnoll sergeant (D:6)
  2 scorpions (D:5)
  A water moccasin skeleton (D:4)
  4 howler monkeys (D:6)
  9 hounds
  3 orc priests
  2 gnoll shamans (D:6)
  A jelly (D:5)
  Terence (D:1)
  3 orc wizards (D:5)
  5 gnolls (D:6)
  5 adders
  A white imp (D:6)
  An ufetubus (D:6)
  An adder skeleton (D:4)
  6 dart slugs
  23 orcs
  9 ball pythons
  5 endoplasms
  4 giant cockroaches
  5 goblins
  8 hobgoblins
  6 jackals
  5 quokkas
  6 bats
  3 frilled lizards
  7 kobolds
  8 rats
145 creatures vanquished.

Vanquished Creatures (others)
  An orc (D:5)
  3 fungi (D:5)
  6 plants
10 creatures vanquished.

Grand Total: 155 creatures vanquished

Notes
Turn   | Place    | Note
-------+----------+-------------------------------------------
     0 | D:1      | cdecastro the Hill Orc Fighter began the quest for the Orb.
     0 | D:1      | Reached XP level 1. HP: 19/19 MP: 1/1
    12 | D:1      | Noticed a basilisk
    12 | D:1      | Noticed an imperial myrmidon
    13 | D:1      | Noticed a stone giant
    36 | D:1      | Reached skill level 3 in Axes
   114 | D:1      | Reached XP level 2. HP: 19/26 MP: 2/2
   435 | D:1      | Reached skill level 4 in Axes
  1129 | D:2      | Reached XP level 3. HP: 30/31 MP: 3/3
  1450 | D:2      | Reached skill level 5 in Axes
  1553 | D:2      | Noticed Terence
  1605 | D:1      | Killed Terence
  1606 | D:1      | Reached XP level 4. HP: 28/39 MP: 4/4
  1775 | D:2      | Reached skill level 6 in Axes
  2026 | D:2      | Noticed Sigmund
  2798 | D:3      | Reached XP level 5. HP: 45/45 MP: 5/5
  2801 | D:3      | Found a runed translucent gate.
  2801 | D:3      | Found a runed translucent gate.
  2801 | D:3      | Found a runed translucent gate.
  2802 | D:3      | Noticed seaofthunder's ghost (amateur DECj)
  3245 | D:4      | Noticed an ogre
  3468 | D:4      | Noticed a black bear
  3479 | D:4      | Killed a black bear
  3480 | D:4      | Reached skill level 7 in Axes
  3491 | D:4      | Reached skill level 8 in Axes
  3491 | D:4      | Reached XP level 6. HP: 51/51 MP: 6/6
  3601 | D:4      | Noticed Edmund
  3625 | D:3      | Killed Edmund
  3626 | D:3      | Reached skill level 9 in Axes
  3740 | D:4      | Found a glowing drain.
  3751 | Sewer    | Entered a sewer
  3861 | Sewer    | Reached XP level 7. HP: 37/57 MP: 7/7
  3980 | Sewer    | Found a white marble altar of Elyvilon.
  4065 | D:4      | Reached skill level 10 in Axes
  4377 | D:3      | Reached skill level 5 in Fighting
  4620 | D:4      | Noticed a yak
  4641 | D:5      | Entered Level 5 of the Dungeon
  4883 | D:5      | Found an opulent altar of Gozag.
  4974 | D:5      | Paralysed by a centaur for 6 turns
  4985 | D:5      | Paralysed by a centaur for 7 turns
  4997 | D:5      | Reached XP level 8. HP: 25/71 MP: 8/8
  5275 | D:5      | Found a blossoming altar of Fedhas.
  5348 | D:5      | Got the Volume of Mana
  5646 | D:5      | Noticed a kobold demonologist
  5648 | D:5      | Noticed a ynoxinul
  5700 | D:5      | Killed a kobold demonologist
  5896 | D:6      | Found an ornate altar of the Wu Jian Council.
  6190 | D:6      | Reached skill level 10 in Fighting
  6212 | D:6      | Reached XP level 9. HP: 70/85 MP: 9/9
  6232 | D:6      | Reached skill level 5 in Armour
  6284 | D:6      | Noticed a kobold demonologist
  6519 | D:6      | Reached skill level 11 in Axes
  6531 | D:6      | Killed from afar by an orc priest

Illustrated notes

Levels and vault maps discovered:
D:1:      onia_arrival_zoo_common, layout_basic
D:2:      layout_rooms, supply_closet_lemuel, uniq_sigmund, uniq_terence
D:3:      layout_basic, gammafunk_ghost_necromancy
D:4:      layout_rooms, cheibrodos_sewer_entry_drain,
          chequers_serial_rivers_micro_d, kennysheep_generic_room_14,
          uniq_edmund
D:5:      cheibrodos_two_vegetables, layout_loops_ring,
          mainiacjoe_overflow_concentric_impassable, fedhas_altar_3
D:6:      lemuel_castle_with_subvaults [lemuel_castle_interior_carwin_1],
          layout_loops_corners, nzn_wu_jian_contemplation,
          minmay_temple_entry_antechambers, kennysheep_cross_bottleneck

Skill      XL: |  1  2  3  4  5  6  7  8  9 |
---------------+----------------------------+-----
Axes           | 3 4 5 6 8 9 10 11 | 11.2
Fighting       | 6 10 | 10.0
Armour         | 4 5 |  5.0
Shields        | |  3.2

Action                   |  1- 3 |  4- 6 |  7- 9 || total
-------------------------+-------+-------+-------++-------
Melee: War axe           |   118 |   185 |   250 ||   553
  Use: Potion            |       |     1 |     1 ||     2
Armor: Scale mail        |    53 |   108 |   147 ||   308
Dodge: Dodged            |    73 |   125 |   183 ||   381
